 Seeded DCSS version 0.29.1-13-g9f3cf754e1 (webtiles) character file.

Game seed: 10786124958312911374 (custom seed)

324 OTABOTABOTAB the Skirmisher (level 6, -3/51 HPs)
             Began as a Gnoll Hunter on Jan 24, 2023.
             Slain by a gnoll sergeant
             ... wielding a +2 trident of protection
              (6 damage)
             ... on level 2 of the Dungeon.
             The game lasted 00:02:47 (1425 turns).

OTABOTABOTAB the Skirmisher (Gnoll Hunter)          Turns: 1425, Time: 00:02:47

Health: -3/51      AC:  6    Str: 10    XL:     6   Next: 48%
Magic:  9/9        EV: 14    Int:  8    God:
Gold:   58         SH:  0    Dex: 18    Spells: 9/9 levels left

rFire   . . .      SeeInvis .   a - +0 shortbow
rCold   + . .      Faith    .   (shield currently unavailable)
rNeg    . . .      Spirit   .   t - +2 leather armour {rC+}
rPois   .          Reflect  .   (no helmet)
rElec   .          Harm     .   (no cloak)
rCorr   .          Rampage  .   (no gloves)
Will    .....                   l - +0 pair of boots
Stlth   ++........              (no amulet)
HPRegen 0.17/turn               (no ring)
MPRegen 0.11/turn               (no ring)

@: no status effects
A: fangs 1, strong nose, distributed training
a: no special abilities


You were on level 2 of the Dungeon.
You visited 1 branch of the dungeon, and saw 2 of its levels.

You collected 58 gold pieces.

Inventory:

Hand Weapons
 a - a +0 shortbow (weapon)
Missiles
 s - 18 stones
Armour
 l - a +0 pair of boots (worn)
   (You found it on level 1 of the Dungeon)
 t - a +2 leather armour of cold resistance (worn)
   (You found it on level 2 of the Dungeon)
Scrolls
 d - a scroll of noise {unknown}
 f - 4 scrolls of identify {unknown}
 h - a scroll of summoning {unknown}
 i - 2 scrolls of blinking {unknown}
 k - a scroll of enchant weapon {unknown}
 m - 3 scrolls of poison {unknown}
 o - a scroll of fear {unknown}
 p - a scroll of vulnerability {unknown}
 K - a scroll of immolation {!r}
Potions
 b - 2 potions of curing {unknown}
 e - a potion of invisibility {unknown}
 g - 2 potions of berserk rage {unknown}
 j - 3 potions of lignification {unknown}
 n - a potion of ambrosia {unknown}
 q - 2 potions of resistance {unknown}
 r - a potion of brilliance {unknown}


   Skills:
 + Level 5.0 Fighting
 + Level 2.1 Short Blades
 + Level 2.1 Long Blades
 + Level 2.1 Axes
 + Level 2.1 Maces & Flails
 + Level 2.1 Polearms
 + Level 2.1 Staves
 + Level 8.8 Ranged Weapons
 + Level 2.1 Throwing
 + Level 2.1 Armour
 + Level 5.0 Dodging
 + Level 3.1 Stealth
 + Level 2.1 Shields
 + Level 2.1 Unarmed Combat
 + Level 2.1 Spellcasting
 + Level 1.6 Conjurations
 + Level 1.6 Hexes
 + Level 1.6 Summonings
 + Level 1.6 Necromancy
 + Level 1.6 Translocations
 + Level 1.6 Transmutations
 + Level 1.6 Fire Magic
 + Level 1.6 Ice Magic
 + Level 1.6 Air Magic
 + Level 1.6 Earth Magic
 + Level 1.6 Poison Magic
 + Level 2.3 Invocations
 + Level 2.1 Evocations


You had 9 spell levels left.
You didn't know any spells.
Your spell library contained the following spells:

 Spells                   Type           Power      Damage    Failure   Level
 Freeze                   Ice            12%        1d4       24%         1
 Frozen Ramparts          Ice            6%         1d1       56%         3
 Hailstorm                Conj/Ice       3%         3d3       93%         4
 Summon Ice Beast         Ice/Summ       3%         N/A       93%         4
 Summon Mana Viper        Hex/Summ       3%         N/A       100%        5
 Monstrous Menagerie      Summ           1%         N/A       100%        7


Dungeon Overview and Level Annotations

Branches:
Dungeon (2/15)

Altars:


Innate Abilities, Weirdness & Mutations

You have very sharp teeth.
Your uncanny sense of smell can sniff out nearby items.
Your experience applies equally to all skills.


Message History

Your Staves skill increases to level 2!
Your Throwing skill increases to level 2!
Your Armour skill increases to level 2!
Your Shields skill increases to level 2!
Your Unarmed Combat skill increases to level 2!
Your Spellcasting skill increases to level 2!
Your Evocations skill increases to level 2!
You shoot an arrow. The arrow closely misses the gnoll.
A gnoll comes into view. It is wielding a +0 club.
You shoot an arrow. The arrow hits the gnoll.
A gnoll comes into view. It is wielding a +0 halberd.
Unknown command.
You shoot an arrow. The gnoll shouts!
The arrow hits the gnoll.
The gnoll closely misses you.
You shoot an arrow. The arrow hits the gnoll!
You kill the gnoll!
The gnoll closely misses you. x2
You shoot an arrow. The arrow hits the gnoll!
The gnoll barely misses you.
The gnoll hits you from afar with a +0 spear.
You take 5 damage, and have 44/51 hp.
You shoot an arrow. The arrow hits the gnoll!
You kill the gnoll!
The gnoll hits you but does no damage.
You shoot an arrow. The arrow hits the gnoll.
The gnoll misses you.
You shoot an arrow. The arrow hits the gnoll.
The gnoll hits you from afar with a +0 spear.
You take 5 damage, and have 39/51 hp.
You shoot an arrow. The arrow hits the gnoll!
You kill the gnoll!
MP restored: 9 You shoot an arrow.
The arrow hits the gnoll but does no damage.
A gnoll comes into view. It is wielding a +0 spear.
The gnoll hits you but does no damage.
You shoot an arrow. The arrow hits the gnoll.
The gnoll misses you. The gnoll hits you with a +0 club.
You take 5 damage, and have 34/51 hp.
You shoot an arrow. The arrow hits the gnoll.
You hear a shout!
The gnoll hits you from afar with a +0 halberd.
A gnoll sergeant comes into view.
It is wielding a +2 trident of protection.
The gnoll hits you with a +0 club.
The gnoll sergeant shouts!
You take 7 damage, and have 27/51 hp.
You are too injured to fight recklessly!
You are too injured to fight recklessly!
The gnoll attacks as you move away! The gnoll barely misses you.
Fire: a) +0 shortbow
Aim: a gnoll, wielding a +0 club (moderately wounded, 70% to hit)
You shoot an arrow. The arrow hits the gnoll!
The gnoll barely misses you.
Fire: a) +0 shortbow
Aim: a gnoll, wielding a +0 club (almost dead, 70% to hit)
You shoot an arrow. The arrow hits the gnoll.
You kill the gnoll!
The gnoll barely misses you.
Fire: a) +0 shortbow
Aim: a gnoll, wielding a +0 halberd (70% to hit)
You shoot an arrow. The arrow hits the gnoll.
The gnoll hits you from afar with a +0 halberd!
You take 7 damage, and have 21/51 hp.
Fire: a) +0 shortbow
Aim: a gnoll, wielding a +0 halberd (heavily wounded, 70% to hit)
You shoot an arrow. The arrow hits the gnoll!
You kill the gnoll!
Fire: a) +0 shortbow Really target yourself?
Okay, then.
You start resting.
A gnoll sergeant is nearby!
Fire: a) +0 shortbow
Aim: a gnoll sergeant, wielding a +2 trident of protection, wearing a +0 ring mail and wearing a +0 buckler (73% to hit)
You shoot an arrow.
The arrow barely misses the gnoll sergeant.
The gnoll sergeant misses you.
Fire: a) +0 shortbow
Aim: a gnoll sergeant, wielding a +2 trident of protection, wearing a +0 ring mail and wearing a +0 buckler (73% to hit)
You shoot an arrow.
The arrow closely misses the gnoll sergeant.
The gnoll sergeant closely misses you.
Fire: a) +0 shortbow
Aim: a gnoll sergeant, wielding a +2 trident of protection, wearing a +0 ring mail and wearing a +0 buckler (73% to hit)
You shoot an arrow.
The arrow hits the gnoll sergeant but does no damage.
The gnoll sergeant misses you.
Fire: a) +0 shortbow
Aim: a gnoll sergeant, wielding a +2 trident of protection, wearing a +0 ring mail and wearing a +0 buckler (73% to hit)
You shoot an arrow.
The arrow hits the gnoll sergeant but does no damage.
The gnoll sergeant hits you from afar with a +2 trident of protection!
* * * LOW HITPOINT WARNING * * *
The gnoll sergeant hits you from afar with a +2 trident of protection.
* * * LOW HITPOINT WARNING * * *
Fire: a) +0 shortbow
Aim: a gnoll sergeant, wielding a +2 trident of protection, wearing a +0 ring mail and wearing a +0 buckler (73% to hit)
You shoot an arrow. The gnoll sergeant blocks the arrow.
You hear a shout!
The gnoll sergeant hits you from afar with a +2 trident of protection.
You die...

.......#
.......#######
...........†.##
.......#####..##
#.###### ##..#
.## ##.## .# ∆ ∆
#..## .# ##..#
## ##@# # ∆ #)#
# ∆ .....)g)# #
g.g.♣♣### ## ∆).
.# .# ∆ .##
..###


You could see a gnoll sergeant.

Vanquished Creatures
  Sigmund (D:2)
  Terence (D:2)
  7 gnolls
  2 worms (D:2)
  4 dart slugs
  7 ball pythons
  5 endoplasms
  A giant cockroach (D:2)
  3 goblins
  5 hobgoblins
  6 kobolds
  2 quokkas
  10 bats
  2 frilled lizards (D:2)
  4 rats (D:1)
60 creatures vanquished.

Notes
Turn   | Place    | Note
-------+----------+-------------------------------------------
     0 | D:1      | OTABOTABOTAB the Gnoll Hunter began the quest for the Orb.
     0 | D:1      | Reached XP level 1. HP: 20/20 MP: 1/1
   169 | D:1      | Reached XP level 2. HP: 26/26 MP: 2/2
   253 | D:1      | Reached XP level 3. HP: 31/31 MP: 3/3
   361 | D:1      | Reached skill level 1 in Invocations
   423 | D:1      | Reached skill level 1 in Short Blades
   423 | D:1      | Reached skill level 1 in Long Blades
   423 | D:1      | Reached skill level 1 in Axes
   423 | D:1      | Reached skill level 1 in Maces & Flails
   423 | D:1      | Reached skill level 1 in Polearms
   423 | D:1      | Reached skill level 1 in Staves
   423 | D:1      | Reached skill level 1 in Throwing
   423 | D:1      | Reached skill level 1 in Armour
   423 | D:1      | Reached skill level 1 in Shields
   423 | D:1      | Reached skill level 1 in Unarmed Combat
   423 | D:1      | Reached skill level 1 in Spellcasting
   423 | D:1      | Reached skill level 1 in Evocations
   904 | D:2      | Reached XP level 4. HP: 38/38 MP: 5/5
  1173 | D:2      | Noticed Sigmund
  1179 | D:2      | Killed Sigmund
  1180 | D:2      | Reached skill level 3 in Stealth
  1180 | D:2      | Reached skill level 1 in Conjurations
  1180 | D:2      | Reached skill level 1 in Hexes
  1180 | D:2      | Reached skill level 1 in Summonings
  1180 | D:2      | Reached skill level 1 in Necromancy
  1180 | D:2      | Reached skill level 1 in Translocations
  1180 | D:2      | Reached skill level 1 in Transmutations
  1180 | D:2      | Reached skill level 1 in Fire Magic
  1180 | D:2      | Reached skill level 1 in Ice Magic
  1180 | D:2      | Reached skill level 1 in Air Magic
  1180 | D:2      | Reached skill level 1 in Earth Magic
  1180 | D:2      | Reached skill level 1 in Poison Magic
  1180 | D:2      | Reached skill level 2 in Invocations
  1180 | D:2      | Reached XP level 5. HP: 43/43 MP: 5/7
  1180 | D:2      | Reached XP level 6. HP: 50/50 MP: 5/8
  1238 | D:2      | Noticed Terence
  1242 | D:2      | Killed Terence
  1243 | D:2      | Reached skill level 5 in Fighting
  1243 | D:2      | Reached skill level 5 in Dodging
  1402 | D:2      | Reached skill level 2 in Short Blades
  1402 | D:2      | Reached skill level 2 in Long Blades
  1402 | D:2      | Reached skill level 2 in Axes
  1402 | D:2      | Reached skill level 2 in Maces & Flails
  1402 | D:2      | Reached skill level 2 in Polearms
  1402 | D:2      | Reached skill level 2 in Staves
  1402 | D:2      | Reached skill level 2 in Throwing
  1402 | D:2      | Reached skill level 2 in Armour
  1402 | D:2      | Reached skill level 2 in Shields
  1402 | D:2      | Reached skill level 2 in Unarmed Combat
  1402 | D:2      | Reached skill level 2 in Spellcasting
  1402 | D:2      | Reached skill level 2 in Evocations
  1424 | D:2      | HP: 6/51 [gnoll sergeant/+2 trident of protection (16)]
  1424 | D:2      | HP: 2/51 [gnoll sergeant/+2 trident of protection (4)]
  1425 | D:2      | Slain by a gnoll sergeant

Illustrated notes

Levels and vault maps discovered:
D:1:      shiori_arrival_elements, layout_basic
D:2:      wander_river, layout_basic, pf_guarded_unrand_woodcutter,
          uniq_sigmund, uniq_terence

Skill      XL: |  1  2  3  4  5  6 |
---------------+-------------------+-----
Invocations    | 1 2 |  2.3
Short Blades   | 1 2 |  2.1
Long Blades    | 1 2 |  2.1
Axes           | 1 2 |  2.1
Maces & Flails | 1 2 |  2.1
Polearms       | 1 2 |  2.1
Staves         | 1 2 |  2.1
Throwing       | 1 2 |  2.1
Armour         | 1 2 |  2.1
Shields        | 1 2 |  2.1
Unarmed Combat | 1 2 |  2.1
Spellcasting   | 1 2 |  2.1
Evocations     | 1 2 |  2.1
Stealth        | 3 |  3.1
Conjurations   | 1 |  1.6
Hexes          | 1 |  1.6
Summonings     | 1 |  1.6
Necromancy     | 1 |  1.6
Translocations | 1 |  1.6
Transmutations | 1 |  1.6
Fire Magic     | 1 |  1.6
Ice Magic      | 1 |  1.6
Air Magic      | 1 |  1.6
Earth Magic    | 1 |  1.6
Poison Magic   | 1 |  1.6
Fighting       | 5 |  5.0
Dodging        | 5 |  5.0
Ranged Weapons | |  8.8

Action                   |  1- 3 |  4- 6 || total
-------------------------+-------+-------++-------
 Fire: Shortbow          |   103 |    81 ||   184
Armor: Leather armour    |     5 |     5 ||    10
Dodge: Dodged            |    20 |    23 ||    43

Table legend: (Time is in decaauts)
 A = Elapsed time spent in this place.
 B = Non-inter-level travel time spent in this place.
 C = Inter-level travel time spent in this place.
 D = Time resting spent in this place.
 E = Time spent auto-exploring this place.
 F = Levels seen in this place.
 G = Mean time per level.
                   A        B        C        D        E       F      G
               +--------+--------+--------+--------+--------+-----+--------+
         Total |   1447 |   1422 |     25 |      3 |   1133 |   2 |  723.5 |
       Dungeon |   1447 |   1422 |     25 |      3 |   1133 |   2 |  723.5 |
               +--------+--------+--------+--------+--------+-----+--------+

Top non-repeatable levels by time:
     D:1: 890 daAuts
     D:2: 556 daAuts

Table legend:
 A = Kills in this place as a percentage of kills in entire the game.
 B = Kills by you in this place as a percentage of kills by you in the entire game.
 C = Kills by friends in this place as a percentage of kills by friends in the entire game.
 D = Other kills in this place as a percentage of other kills in the entire game.
 E = Experience gained in this place as a percentage of experience gained in the entire game.
 F = Experience gained in this place divided by the number of levels of this place that you have seen.
                   A       B       C       D       E      F
               +-------+-------+-------+-------+-------+----------------------
         Total | 100.0 | 100.0 |   N/A |   N/A | 100.0 | 232.0
       Dungeon | 100.0 | 100.0 |   N/A |   N/A | 100.0 | 232.0
               +-------+-------+-------+-------+-------+----------------------
